 Dungeon Crawl Stone Soup version bcrawl-1.21.2 (webtiles) character file.

Game seed: 2992507168932824267

827 Mesmaeker13 the Digger (level 7, 0/41 HPs)
             Began as an Octopode Earth Elementalist on Feb 16, 2020.
             Shot with an arrow by a centaur (5 damage)
             ... on level 5 of the Dungeon.
             The game lasted 00:09:13 (5151 turns).

Mesmaeker13 the Digger (OpEE)                       Turns: 5151, Time: 00:09:13

Health: 0/41       AC:  1    Str: 12    XL:     7   Next: 97%
Magic:  2/11       EV: 15    Int: 19    God:
Gold:   167        SH:  0    Dex: 12    Spells: 8/12 levels left

rFire    . . .     SeeInvis .   d - +0 short sword
rCold    . . .     Gourm    .   (no shield)
rNeg     . . .     Faith    .   (helmet restricted)
rPois    .         Spirit   .   (cloak restricted)
rElec    .         Reflect  .   (no amulet)
rCorr    .         Harm     .   m - +4 ring of strength
MR       .....                  (no ring)
Stlth    +++.......             (no ring)
HPRegen  0.13/turn              (no ring)
MPRegen  0.12/turn              (no ring)
                                (no ring)
                                (no ring)
                                (no ring)

@: no status effects
A: almost no armour, stealthy swim, amphibious, 8 rings, constrict 8, camouflage
1, gelatinous body 1
a: no special abilities


You were on level 5 of the Dungeon.
You were not hungry.

You visited 1 branch of the dungeon, and saw 5 of its levels.

You collected 167 gold pieces.

Inventory:

Hand Weapons
 d - a +0 short sword (weapon)
 l - a +0 blowgun
 q - a +0 flail
Missiles
 b - 115 stones (quivered)
 t - 65 poisoned needles
Jewellery
 m - a +4 ring of strength (left tentacle)
Wands
 n - a wand of flame (16)
Scrolls
 c - a scroll of fog
 f - a scroll of remove curse {unknown}
 i - a scroll of enchant weapon {unknown}
 k - 3 scrolls of identify
 o - a scroll of amnesia {unknown}
 r - a scroll of teleportation {unknown}
Potions
 a - a potion of haste {unknown}
 g - a potion of degeneration {unknown}
 h - a potion of flight {unknown}
 j - a potion of berserk rage {unknown}
 p - a potion of curing
 s - 2 potions of ambrosia {unknown}
Comestibles
 e - 8 rations {!d}
 u - 2 chunks of flesh


   Skills:
 + Level 5.3 Dodging
 - Level 3.0 Stealth
 - Level 3.2 Spellcasting
 + Level 3.8 Conjurations
   Level 1.0 Transmutations
 + Level 5.8 Earth Magic


You had 8 spell levels left.
You knew the following spells:

 Your Spells              Type           Power        Failure   Level  Hunger
a - Sandblast             Erth           ####..       1%          1    None
b - Stone Arrow           Conj/Erth      ###...       6%          3    ###....

Your spell library contained the following spells:

 Spells                   Type           Power        Failure   Level  Hunger
 Passwall                 Tmut/Erth      ###.....     5%          2    ##.....
 Corona                   Hex            #......      16%         1    None
 Dazzling Spray           Conj/Hex       ##....       21%         3    ###....
 Ensorcelled Hibernation  Hex/Ice        #.....       22%         2    ##.....
 Petrify                  Tmut/Erth      ###.....     36%         4    ####...
 Lee's Rapid Deconstruct  Erth           ####......   36%         5    ######.
 Confuse                  Hex            #.......     41%         3    ###....
 Tukima's Dance           Hex            #.......     41%         3    ###....


Dungeon Overview and Level Annotations

Branches:
Dungeon (5/12)
 Temple: D:4-7

Altars:
Fedhas
Vehumet

Shops:
D:4 *


Innate Abilities, Weirdness & Mutations

You cannot wear most types of armour.
You are very stealthy in the water. (Stealth+)
You are amphibious.
You can wear up to eight rings at the same time.
You can use your tentacles to constrict eight enemies at once.
Your skin changes colour to match your surroundings (Stealth+).
Your rubbery body absorbs attacks. (AC +1, EV +1)


Message History

The orc wizard casts a spell at you. The magic dart hits you!
You hit the orc wizard but do no damage.
You grab the orc wizard.
The orc wizard is almost dead.
You constrict the orc wizard.
You kill the orc wizard!
You hear a splash. x2
An orc comes into view. It is wielding a +0 flail.
The orc hits you with a cursed -2 short sword.
The centaur wields a cursed -2 shortbow.
The centaur shoots an arrow.
The arrow hits you!
The centaur shoots an arrow.
The arrow completely misses you.
The centaur shoots an arrow.
The arrow barely misses you.
The centaur shoots an arrow.
The arrow hits you.
The centaur shoots an arrow.
The arrow hits you!
* * * LOW HITPOINT WARNING * * *
The centaur shoots an arrow.
The arrow completely misses you.
The centaur shoots an arrow.
The arrow hits you.
You die...

###......####...
#.....#...##....
#.###.##..)..... #.#
#####.......
#.########...###
########## ##......# #..##
........# ##...≈≈≈...#..#
#......####..≈≈≈≈≈≈≈..#.#
#.......##.@≈≈≈≈≈≈≈≈≈....
#.........o≈≈≈≈≈≈≈≈≈≈≈.#.#
##.......≈≈≈≈♣<.≈≈≈≈ .#
##....o≈≈≈≈.PP♣P≈≈≈ .#
##....≈≈≈≈.P_PP≈≈
##...≈≈≈≈P.P..≈
#..oc≈≈≈≈P>P≈≈
##)..≈≈≈≈≈≈≈≈≈
#÷.).≈≈≈≈≈≈≈≈


You could see a centaur and 3 orcs.

Vanquished Creatures
  Grinder (D:4)
  2 phantoms
  A howler monkey (D:4)
  A crimson imp (D:5)
  4 orc wizards
  4 orc priests
  2 worker ants
  A shadow imp (D:3)
  2 oozes
  4 worms
  A dart slug (D:1)
  A leopard gecko (D:1)
  17 orcs
  4 giant cockroaches
  2 goblins (D:2)
  12 hobgoblins
  7 jackals
  5 kobolds
  A quokka (D:1)
  2 ball pythons
  7 bats
  3 frilled lizards
  6 rats (D:1)
90 creatures vanquished.

Notes
Turn   | Place    | Note
-------+----------+-------------------------------------------
     0 | D:1      | Mesmaeker13 the Octopode Earth Elementalist began the quest
                  | for the Orb.
     0 | D:1      | Reached XP level 1. HP: 11/11 MP: 3/3
   401 | D:1      | Reached XP level 2. HP: 17/17 MP: 5/5
  1340 | D:1      | Reached XP level 3. HP: 14/21 MP: 4/6
  2261 | D:2      | Reached XP level 4. HP: 27/27 MP: 8/8
  2325 | D:2      | Found a radiant altar of Vehumet.
  3152 | D:3      | Reached XP level 5. HP: 31/31 MP: 5/9
  3194 | D:3      | Learned a level 3 spell: Stone Arrow
  3789 | D:4      | Reached skill level 1 in Conjurations
  3790 | D:4      | Noticed Grinder
  3806 | D:4      | Killed Grinder
  3806 | D:4      | Reached XP level 6. HP: 15/36 MP: 1/10
  3925 | D:3      | Reached skill level 5 in Earth Magic
  3936 | D:4      | Found Dior's Assorted Antiques.
  3937 | D:4      | Noticed a phantom
  3959 | D:4      | Killed a phantom
  3959 | D:4      | Reached XP level 7. HP: 33/41 MP: 1/11
  4849 | D:5      | Entered Level 5 of the Dungeon
  4945 | D:5      | Reached skill level 5 in Dodging
  5031 | D:5      | Found a blossoming altar of Fedhas.
  5151 | D:5      | Shot with an arrow by a centaur

Skill      XL: |  1  2  3  4  5  6  7 |
---------------+----------------------+-----
Dodging        | 3 4 5 |  5.3
Spellcasting   | 3 |  3.2
Earth Magic    | 4 5 |  5.8
Conjurations   | 2 3 |  3.8
Stealth        | |  3.0
Transmutations | |  1.0

Action                   |  1- 3 |  4- 6 |  7- 9 || total
-------------------------+-------+-------+-------++-------
Melee: Unarmed           |    29 |       |       ||    29
       Constrict         |    17 |    15 |     4 ||    36
       Tentacles         |     9 |    10 |     4 ||    23
       Short sword       |    30 |    59 |    13 ||   102
Throw: Stone             |       |       |     1 ||     1
 Cast: Sandblast         |    25 |    41 |    10 ||    76
       Stone Arrow       |       |     2 |    20 ||    22
Evoke: Wand              |       |     8 |     2 ||    10
  Use: Scroll            |       |     1 |       ||     1
 Stab: Sleeping          |     7 |     5 |       ||    12
  Eat: Chunk             |     4 |     6 |     3 ||    13
       Ration            |       |       |     1 ||     1
Armor: Skin              |     3 |     9 |     1 ||    13
Dodge: Dodged            |    30 |    63 |     9 ||   102
